 Dungeon Crawl Stone Soup version 0.29.1-12-g30fa7ad0bf (webtiles) character file.

Game seed: 10538461338044730864

497 styxcanada the Covered (level 6, 0/56 HPs)
             Began as a Minotaur Fighter on Jan 8, 2023.
             Slain by a goblin
             ... wielding a +2 dagger of distortion
              (4 damage)
             ... on level 4 of the Dungeon.
             The game lasted 00:05:31 (3234 turns).

styxcanada the Covered (Minotaur Fighter)           Turns: 3234, Time: 00:05:31

Health: 0/56       AC: 10    Str: 19 (22) XL:     6   Next: 93%
Magic:  5/5        EV:  7    Int:  2 (5)  God:
Gold:   194        SH:  4    Dex:  9 (10) Spells: 5/5 levels left

rFire   . . .      SeeInvis .   a - +0 war axe
rCold   . . .      Faith    .   c - +0 buckler
rNeg    . . .      Spirit   .   e - +0 chain mail
rPois   .          Reflect  .   (helmet restricted)
rElec   .          Harm     .   (no cloak)
rCorr   .          Rampage  .   (no gloves)
Will    .....                   (no boots)
Stlth   ..........              (no amulet)
HPRegen 0.18/turn               (no ring)
MPRegen 0.09/turn               (no ring)

@: no status effects
A: horns 2, retaliatory headbutt
a: no special abilities


You were on level 4 of the Dungeon.
You visited 1 branch of the dungeon, and saw 4 of its levels.

You collected 194 gold pieces.

Inventory:

Hand Weapons
 a - a +0 war axe (weapon)
Missiles
 p - 2 poisoned darts (quivered)
Armour
 c - a +0 buckler (worn)
 e - a +0 chain mail (worn)
Scrolls
 b - a scroll of amnesia {unknown}
 f - a scroll of blinking {unknown}
 h - a scroll of silence {unknown}
 i - a scroll of acquirement {unknown}
 j - a scroll of magic mapping {unknown}
 k - 2 scrolls of identify {unknown}
 m - a scroll of noise {unknown}
 o - a scroll of poison {unknown}
 q - a scroll of enchant weapon {unknown}
Potions
 g - a potion of invisibility {unknown}
 l - a potion of degeneration
 n - a potion of brilliance {unknown}


   Skills:
 * Level 5.1 Fighting
 + Level 5.4 Axes
 * Level 6.6 Armour
 + Level 1.0 Dodging
 + Level 4.3 Shields


You had 5 spell levels left.
You didn't know any spells.
Your spell library was empty.

Dungeon Overview and Level Annotations

Branches:
Dungeon (4/15)
 Temple: D:4-7

Altars:

Shops:
D:3 [


Innate Abilities, Weirdness & Mutations

You have a pair of horns on your head.
You reflexively headbutt those who attack you in melee.


Message History

The goblin shoots a sling bullet.
The sling bullet hits you but does no damage.
You barely miss the goblin.
The goblin unwields a +0 sling.
The goblin wields a +2 dagger of distortion.
Its appearance distorts for a moment.
The goblin hits you with a +2 dagger of distortion.
Space warps around you.
You barely miss the goblin. The goblin barely misses you.
You furiously retaliate!
You headbutt the goblin. You barely miss the goblin.
Your headbutt misses the goblin.
The goblin is severely wounded.
The goblin hits you but does no damage. Space warps horribly around you!!
You barely miss the goblin.
The goblin is severely wounded.
The goblin hits you but does no damage. Space warps horribly around you!
The goblin hits you with a +2 dagger of distortion.
Space warps around you.
* * * LOW HITPOINT WARNING * * *
You hit the goblin.
The goblin is almost dead.
The goblin hits you but does no damage. Space warps around you!
* * * LOW HITPOINT WARNING * * *
You miss the goblin.
The goblin is almost dead.
You hit the goblin. The goblin hits you with a +0 club.
* * * LOW HITPOINT WARNING * * *
The goblin hits you but does no damage.
You blink.
The goblin unwields a +2 dagger of distortion.
Its appearance distorts for a moment.
The goblin wields a +0 sling.
The goblin shoots a sling bullet.
The sling bullet hits you but does no damage.
The goblin hits you with a +0 club.
* * * LOW HITPOINT WARNING * * *
The goblin unwields a +0 sling.
The goblin wields a +2 dagger of distortion.
Its appearance distorts for a moment.
The goblin hits you with a +2 dagger of distortion.
* * * LOW HITPOINT WARNING * * *
Space warps around you.
You die...

#########.
#.........
#.........
#......... #####
#......... ....
#......... #..##
#.........
#...#####
#......... #g@...#
#........#
#..g..######..#####
. #.....#.)รท.).##
...=#.....#.######
#.......).#
#..........#
#.##........... ...
#............
##..$.............


You could see 2 goblins.

Vanquished Creatures
  Sigmund (D:4)
  A phantom (D:4)
  A necrophage (D:3)
  2 howler monkeys (D:4)
  A hound (D:4)
  4 adders
  2 worms
  A dart slug (D:1)
  4 orcs
  3 endoplasms
  A giant cockroach (D:2)
  4 hobgoblins
  7 kobolds
  4 quokkas
  4 ball pythons
  3 bats
  3 frilled lizards
  3 goblins
  2 rats
51 creatures vanquished.

Notes
Turn   | Place    | Note
-------+----------+-------------------------------------------
     0 | D:1      | styxcanada the Minotaur Fighter began the quest for the
                  | Orb.
     0 | D:1      | Reached XP level 1. HP: 19/19 MP: 0/0
    86 | D:1      | Found a faded altar of an unknown god.
   228 | D:1      | Reached skill level 4 in Armour
   228 | D:1      | Reached XP level 2. HP: 27/27 MP: 1/1
  1337 | D:2      | Reached XP level 3. HP: 33/33 MP: 2/2
  1894 | D:3      | Noticed a necrophage
  1903 | D:3      | Killed a necrophage
  1904 | D:3      | Reached skill level 5 in Armour
  1904 | D:3      | Reached XP level 4. HP: 37/41 MP: 3/3
  2012 | D:3      | Found Giodaho's Antique Armour Shop.
  2785 | D:4      | Noticed a phantom
  2803 | D:4      | Killed a phantom
  2804 | D:4      | Reached XP level 5. HP: 38/47 MP: 4/4
  2809 | D:4      | Noticed Sigmund
  2814 | D:4      | Killed Sigmund
  2815 | D:4      | Reached skill level 5 in Fighting
  2815 | D:4      | Reached skill level 5 in Axes
  2815 | D:4      | Reached skill level 6 in Armour
  2815 | D:4      | Reached XP level 6. HP: 15/56 MP: 5/5
  2822 | D:4      | Reached skill level 1 in Dodging
  3234 | D:4      | Slain by a goblin

Illustrated notes

Levels and vault maps discovered:
D:1:      saegor_arrival_simple_a, layout_basic,
          chequers_ecumenical_altar_island
D:2:      layout_loops_corners
D:3:      layout_basic, serial_shops, nicolae_shop_hallway_stairs
D:4:      layout_basic, minmay_misc_feat_cross, nrook_campfire,
          minmay_surrounded, uniq_sigmund

Skill      XL: |  1  2  3  4  5  6 |
---------------+-------------------+-----
Armour         | 4 5 6 |  6.6
Fighting       | 4 5 |  5.1
Shields        | 4 |  4.3
Axes           | 3 4 5 |  5.4
Dodging        | 1 |  1.0

Action                   |  1- 3 |  4- 6 || total
-------------------------+-------+-------++-------
Melee: War axe           |    68 |    50 ||   118
       Headbutt          |     6 |     3 ||     9
  Use: Potion            |       |     2 ||     2
Armor: Chain mail        |    42 |    28 ||    70
Dodge: Dodged            |    24 |    24 ||    48
Block: Buckler           |    14 |    13 ||    27
